 Dungeon Crawl Stone Soup version 0.19-a0-994-g3c636f0 (webtiles) character file.

128 4thArraOfDagon the Firebug (level 4, -6/27 HPs)
             Began as a High Elf Fire Elementalist on July 16, 2016.
             Was an Initiate of Vehumet.
             Shot with an arrow by a centaur (8 damage)
             ... on level 5 of the Dungeon.
             The game lasted 00:03:28 (506 turns).

4thArraOfDagon the Firebug (HEFE)                    Turns: 506, Time: 00:03:29

Health: -6/27      AC:  5    Str:  7    XL:     4   Next: 86%
Magic:  9/9        EV: 13    Int: 20    God:    Vehumet [......]
Gold:   16         SH:  0    Dex: 15    Spells: 3 memorised, 1 level left

rFire  . . .     SeeInvis .     f - +2 whip (venom)
rCold  . . .     Gourm    .     a - +0 robe
rNeg   . . .     Faith    .     (no shield)
rPois  .         Spirit   .     k - +0 helmet
rElec  .         Dismiss  .     (no cloak)
rCorr  .         Reflect  .     (no gloves)
SustAt .         Harm     .     m - +1 pair of boots
MR     .....                    (no amulet)
Stlth  ++........               (no ring)
                                (no ring)

@: not resistant to hostile enchantments, unstealthy
A: no striking features
a: Renounce Religion


You were on level 5 of the Dungeon.
You worshipped Vehumet.
Vehumet was noncommittal.
You were not hungry.

You visited 2 branches of the dungeon, and saw 6 of its levels.

You collected 16 gold pieces.

Inventory:

Hand Weapons
 d - a +0 dagger
 f - a +2 whip of venom (weapon)
Missiles
 n - 2 curare-tipped needles
Armour
 a - a +0 robe (worn)
 k - a +0 helmet (worn)
 m - a +1 pair of boots (worn)
Jewellery
 e - an uncursed ring of ice
Scrolls
 g - a scroll of immolation {unknown}
 h - a scroll of random uselessness {unknown}
 i - 2 scrolls of identify
 j - a scroll of remove curse
Books
 b - a book of Flames

   Spells                             Type                      Level
   a - Flame Tongue                   Conjuration/Fire             1
   b - Throw Flame                    Conjuration/Fire             2
   c - Conjure Flame                  Conjuration/Fire             3
   d - Inner Flame                    Hexes/Fire                   3
   e - Sticky Flame                   Conjuration/Fire             4
   f - Fireball                       Conjuration/Fire             5
Comestibles
 c - 2 bread rations
 l - 2 beef jerkies


   Skills:
 - Level 2.1 Dodging
 - Level 2.1 Stealth
 + Level 3.2 Spellcasting
 * Level 3.2 Conjurations
 * Level 4.3 Fire Magic


You had one spell level left.
You knew the following spells:

 Your Spells              Type           Power        Failure   Level  Hunger
a - Flame Tongue          Conj/Fire      ###..        2%          1    None
b - Conjure Flame         Conj/Fire      ###.....     10%         3    ###....
c - Sticky Flame          Conj/Fire      ###.....     30%         4    ####...


Dungeon Overview and Level Annotations

Branches:
Dungeon (5/15)             Temple (1/1) D:5

Altars:
Ashenzari
Cheibriados
Nemelex Xobeh
Okawaru
Ru
Vehumet


Message History

The centaur wields a shortbow.
The centaur shoots an arrow.
The arrow hits you!
Ouch! That really hurt!
You see here an arrow.
Unknown command.
The centaur shoots an arrow.
The arrow hits you.
* * * LOW HITPOINT WARNING * * *
You see here an arrow.
Unknown command.
You aren't carrying any potions.
Okay, then.
Unknown command.
The centaur shoots an arrow.
The arrow hits you.
* * * LOW HITPOINT WARNING * * *
You see here an arrow.
Unknown command.
Unknown command.
Unknown command.
Unknown command.
The centaur shoots an arrow.
The arrow hits you!
You die...

### .... #### ... ...#
...♣ .#c# ..♣.♣ ...##
♣.♣.♣....# ♣.♣@♣...#
♣._.♣(♣..# ♣.♣.♣.♣(..#
♣.♣.♣.(..# ..♣.♣.....#
#### #
#...♣...#..######..###.
....................#...
.########..#####........
#..... #........#


You could see a centaur.

Vanquished Creatures
  A centaur (D:5)
  A howler monkey skeleton (D:4)
  A shadow imp (D:5)
  An ooze (D:2)
  An adder skeleton (D:5)
  A dart slug (D:3)
  A giant gecko (D:4)
  3 orcs (D:3)
  2 bats (D:3)
  2 giant cockroaches
  A hobgoblin (D:2)
  3 jackals (D:4)
  A ball python (D:2)
  A kobold (D:3)
  2 rats
22 creatures vanquished.

Notes
Turn   | Place    | Note
-------+----------+-------------------------------------------
     0 | D:1      | 4thArraOfDagon the High Elf Fire Elementalist began the quest for the Orb.
     0 | D:1      | Reached XP level 1. HP: 11/11 MP: 4/4
    13 | D:1      | You are sucked into a shaft!
   110 | D:3      | Reached XP level 2. HP: 11/17 MP: 6/6
   246 | D:3      | You fall through a shaft!
   271 | D:4      | Reached XP level 3. HP: 11/21 MP: 4/8
   276 | D:4      | Learned a level 3 spell: Conjure Flame
   392 | D:5      | Entered Level 5 of the Dungeon
   414 | D:5      | Noticed a centaur
   431 | D:5      | Killed a centaur
   431 | D:5      | Reached skill level 4 in Fire Magic
   431 | D:5      | Reached XP level 4. HP: 26/27 MP: 1/9
   446 | D:5      | Learned a level 4 spell: Sticky Flame
   457 | D:5      | Found a staircase to the Ecumenical Temple.
   461 | Temple   | Entered the Ecumenical Temple
   467 | Temple   | Became a worshipper of Vehumet
   482 | D:5      | Noticed a centaur
   500 | D:5      | Found an iron altar of Okawaru.
   503 | D:5      | Noticed a centaur
   506 | D:5      | Shot with an arrow by a centaur

Vault maps used:
D:1:      scummos_arrival_checkerplants, minmay_split_cup_large
D:2:      first_bread, minmay_strange_pillars, kennysheep_generic_room_13
D:3:      uniq_grinder, uniq_terence
D:4:      serial_co_window_serial, co_window_corner_a, co_window_paths_b,
          co_window_corner_a, co_window_of_opportunity_a, co_window_corner_a,
          co_window_corner_a, co_window_paths_b, co_window_2corner,
          co_window_broadway_b, co_window_corner_b, co_window_broadway_b,
          co_window_corner_b, glass_columns_a, serial_park_tiny_1,
          minmay_misc_feat_tower, nicolae_qazlal_style_of_elements
D:5:      okawaru_trees_2, serial_curves, eino_curves_01, eino_curves_01,
          eino_curves_04, eino_curves_04, led_xom_imps, uniq_sigmund
Temple:   eino_temple_rhombus

Skill      XL: |  1  2  3 |
---------------+----------+-----
Conjurations   | 2 3 |  3.2
Spellcasting   | 3 |  3.2
Fire Magic     | 4 |  4.3
Dodging        | |  2.1
Stealth        | |  2.1

Action                   |  1- 3 |  4- 6 || total
-------------------------+-------+-------++-------
Melee: Whip              |    16 |       ||    16
 Cast: Flame Tongue      |    37 |       ||    37
  Use: Potion            |     2 |       ||     2
       Scroll            |     3 |       ||     3
 Stab: Sleeping          |     2 |       ||     2
Armor: Robe              |    10 |       ||    10
Dodge: Dodged            |    35 |       ||    35
